 Dungeon Crawl Stone Soup version 0.22-a0-322-g60b3cfd (webtiles) character file.

6566 Kairos the Slicer (level 11, -7/83 HPs)
             Began as a Human Fighter on Apr 3, 2018.
             Was a Believer of Okawaru.
             Killed by divine providence
             ... invoked by an orc priest
              (13 damage)
             ... on level 9 of the Dungeon.
             The game lasted 00:20:16 (8743 turns).

Kairos the Slicer (Human Fighter)                   Turns: 8743, Time: 00:20:17

Health: -7/83      AC: 10    Str: 17    XL:     11   Next: 21%
Magic:  11/11      EV: 13    Int:  8    God:    Okawaru [**....]
Gold:   618        SH:  4    Dex: 20    Spells: 10/10 levels left

rFire    . . .     SeeInvis .   v - +7 rapier of Hard Scrabble {freeze, rElec rPois}
rCold    . . .     Gourm    .   (no shield)
rNeg     . . .     Faith    .   M - +2 ring mail {MR+}
rPois    +         Spirit   .   o - +2 hat
rElec    +         Reflect  +   (no cloak)
rCorr    .         Harm     .   (no gloves)
MR       +....                  (no boots)
Stlth    +++.......             F - +4 amulet of reflection
HPRegen  0.23/turn              n - +4 ring of dexterity
MPRegen  0.12/turn              k - ring of stealth

@: no status effects
A: no striking features
a: Heroism, Renounce Religion


You were on level 9 of the Dungeon.
You worshipped Okawaru.
Okawaru was pleased with you.
You were not hungry.

You visited 2 branches of the dungeon, and saw 10 of its levels.
You also visited: Ossuary.

You collected 618 gold pieces.

Inventory:

Hand Weapons
 e - a +3 hand axe of flaming
 r - a +0 dire flail of protection
 v - the +7 rapier of Hard Scrabble (weapon) {freeze, rElec rPois}
   (You found it on level 5 of the Dungeon)

   It has been specially enchanted to freeze those struck by it, causing extra
   injury to most foes and up to half again as much damage against particularly
   susceptible opponents.
   It can also slow down cold-blooded creatures.
   It insulates you from electricity.
   It protects you from poison.
 z - the +4 quarterstaff of the Eternal Void {crush, *Slow rN+ Int+2 Dex+2}
   (You found it on level 5 of the Dungeon)

   It inflicts extra damage upon your enemies.
   It affects your intelligence (+2).
   It affects your dexterity (+2).
   It protects you from negative energy.
   It may slow you when you take damage.
Armour
 c - a +0 shield
 o - a +2 hat (worn)
 M - a +2 ring mail of magic resistance (worn)
Jewellery
 k - a ring of stealth (right hand)
 n - a +4 ring of dexterity (left hand)
 w - an uncursed ring of ice
 F - a +4 amulet of reflection (around neck)
 O - an uncursed ring of protection from fire
Wands
 u - a wand of disintegration (11)
 x - a wand of flame (46)
 B - a wand of polymorph (15)
 D - a wand of iceblast (3)
 L - a wand of scattershot (5)
Scrolls
 g - 6 scrolls of amnesia
 h - 5 scrolls of remove curse
 i - 2 scrolls of random uselessness
 l - 4 scrolls of blinking
 m - 4 scrolls of teleportation
 y - 3 scrolls of fear {unknown}
 A - 2 scrolls of fog {unknown}
 C - 3 scrolls of enchant weapon
 H - a scroll of summoning {unknown}
 I - 2 scrolls of identify
 J - a scroll of enchant armour {unknown}
 N - a scroll of immolation {unknown}
Potions
 b - a potion of curing {unknown}
 d - 2 potions of might
 j - 3 potions of lignification
 p - 4 potions of mutation {unknown}
 q - 5 potions of degeneration {unknown}
 s - 2 potions of haste {unknown}
 t - a potion of heal wounds {unknown}
 E - a potion of magic {unknown}
 G - a potion of agility {unknown}
 K - a potion of berserk rage {unknown}
 P - a potion of brilliance {unknown}
 Q - a potion of flight {unknown}
Miscellaneous
 a - a box of beasts
Comestibles
 f - 17 rations
 R - a chunk of flesh


   Skills:
 + Level 6.7 Fighting
 + Level 8.2 Short Blades
 + Level 6.7(7.3) Axes
 + Level 4.3(6.3) Maces & Flails
 + Level 2.1(3.5) Staves
 + Level 6.5 Armour
 + Level 3.9 Dodging
 + Level 4.4 Stealth
 + Level 6.0 Shields


You had 10 spell levels left.
You didn't know any spells.

Dungeon Overview and Level Annotations

Branches:
Dungeon (9/15)             Temple (1/1) D:6
   Lair: D:8-11         Orc: D:9-12

Altars:
Ashenzari
Cheibriados
Dithmenos
Elyvilon
Fedhas
Gozag
Hepliaklqana
Kikubaaqudgha
Makhleb
Nemelex Xobeh
Okawaru
Qazlal
Ru
Sif Muna
Trog
Uskayaw
Vehumet
Wu Jian
Xom
Yredelemnul
Zin
The Shining One
Jiyva


Message History

Your ring mail prevents you from hitting the orc warrior.
The orc priest barely misses you. You block the orc's attack.
The orc priest begins to cast a cantrip, but forgets the words!
The orc priest mumbles some strange prayers to Beogh against you.
Beogh smites you!
The orc priest invokes the aid of Beogh against you.
Beogh smites you!
The orc priest mumbles some strange prayers to Beogh against you.
Beogh smites you!
You closely miss the orc warrior. The orc warrior closely misses you.
You barely miss the orc warrior.
The orc warrior hits you with a dire flail!
You hit the orc warrior but do no damage.
You hit the orc warrior but do no damage.
The orc warrior hits you with a dire flail!!
* * * LOW HITPOINT WARNING * * *
The orc priest mumbles some strange prayers to Beogh against you.
Beogh smites you!
You die...

#⌠≈.§§≈#≈..........†.....
##≈...§#≈..##########....
#≈§§≈§#≈..# #....
##⌠#§##≈#.# #.... #####≈≈+.#
#....
#.#....#.##########.... .
#.#....#............... $.
#.######.........######
...########.ooo.@..........#
.............#####.........#
.........<...# #.........#
.............# #.........#
.............# #####...<.#
.............# #######
##############


You could see an orc warrior, an orc priest and an orc.

Vanquished Creatures
  2 two-headed ogres
  Pikel (D:7)
  Joseph (D:8)
  2 hippogriffs
  Duvessa (D:5)
  A water moccasin (D:9)
  An orc warrior (D:6)
  A sky beast (D:8)
  A phantom (D:9)
  3 ogres
  5 centaurs
  Blork the orc (D:4)
  3 bullfrogs
  9 scorpions
  Dowan (D:5)
  3 killer bees (D:9)
  5 howler monkeys
  7 wights (D:6)
  An electric eel (D:8)
  2 centaur zombies
  6 crimson imps
  4 jellies
  4 orc priests
  3 hounds
  6 orc wizards
  4 bullfrog skeletons
  3 human zombies (Ossuary)
  Jessica (D:2)
  2 iguanas (D:4)
  5 worker ants
  A big kobold zombie (Ossuary)
  2 hound skeletons
  3 mummies (Ossuary)
  Robin (D:3)
  10 gnolls
  4 scorpion zombies (Ossuary)
  7 adders
  2 shadow imps (D:7)
  10 oozes
  2 adder skeletons
  2 worms (D:2)
  2 dart slugs
  9 leopard geckos
  25 orcs
  7 giant cockroaches
  16 hobgoblins
  8 jackals
  9 kobolds
  4 quokkas
  6 bats
  3 frilled lizards
  2 gnoll zombies (Ossuary)
  16 goblins
  2 goblin zombies (Ossuary)
  2 kobold zombies (Ossuary)
  2 orc zombies (Ossuary)
  2 quokka zombies
  3 rats
  A rat zombie (D:7)
252 creatures vanquished.

Vanquished Creatures (others)
  An ogre (D:7)
1 creature vanquished.

Grand Total: 253 creatures vanquished

Notes
Turn   | Place    | Note
-------+----------+-------------------------------------------
     0 | D:1      | Kairos the Human Fighter began the quest for the Orb.
     0 | D:1      | Reached XP level 1. HP: 18/18 MP: 1/1
    40 | D:1      | Reached XP level 2. HP: 24/24 MP: 2/2
   140 | D:1      | Reached XP level 3. HP: 22/29 MP: 3/3
   684 | D:1      | Reached XP level 4. HP: 35/35 MP: 4/4
   971 | D:2      | Found a shattered altar of Ashenzari.
  1036 | D:2      | Noticed Jessica
  1042 | D:2      | Killed Jessica
  1044 | D:2      | Reached XP level 5. HP: 34/41 MP: 5/5
  1493 | D:3      | Found a sacrificial altar of Ru.
  1576 | D:3      | Noticed Robin
  1591 | D:3      | Killed Robin
  1660 | D:3      | Found a hide-covered altar of Uskayaw.
  2025 | D:4      | Reached XP level 6. HP: 28/48 MP: 6/6
  2227 | D:4      | Noticed an ogre
  2235 | D:4      | Killed an ogre
  2235 | D:4      | Reached skill level 1 in Dodging
  2235 | D:4      | Reached XP level 7. HP: 29/54 MP: 7/7
  2429 | D:4      | Reached skill level 5 in Axes
  2581 | D:4      | Noticed a hippogriff
  2591 | D:4      | Killed a hippogriff
  2591 | D:4      | Reached XP level 8. HP: 21/61 MP: 8/8
  2818 | D:4      | Noticed Blork the orc
  2840 | D:4      | Killed Blork the orc
  2860 | D:4      | Reached skill level 5 in Shields
  3089 | D:5      | Entered Level 5 of the Dungeon
  3107 | D:5      | Noticed Dowan
  3109 | D:5      | Noticed Duvessa
  3111 | D:5      | Killed Dowan
  3127 | D:5      | Killed Duvessa
  3444 | D:5      | Got a faintly glowing rapier
  3445 | D:5      | Identified the +7 rapier of Hard Scrabble {freeze, rElec rPois} (You found it on level 5 of the Dungeon)
  3783 | D:5      | Found a shadowy altar of Dithmenos.
  4080 | D:5      | Reached skill level 1 in Short Blades
  4183 | D:5      | Reached skill level 1 in Stealth
  4399 | D:5      | Got a transparent quarterstaff
  4409 | D:5      | Identified the +4 quarterstaff of the Eternal Void {crush, *Slow rN+ Int+2 Dex+2} (You found it on level 5 of the Dungeon)
  4539 | D:6      | Reached XP level 9. HP: 35/67 MP: 9/9
  4755 | D:6      | Reached skill level 5 in Fighting
  4755 | D:6      | Reached skill level 2 in Short Blades
  4755 | D:6      | Reached skill level 1 in Staves
  4778 | D:6      | Reached skill level 1 in Maces & Flails
  5525 | D:6      | Reached skill level 5 in Armour
  5607 | D:6      | Found a staircase to the Ecumenical Temple.
  5613 | Temple   | Entered the Ecumenical Temple
  5953 | D:7      | Found a shattered altar of Ashenzari.
  5955 | D:7      | Found a shimmering altar of Xom.
  6004 | D:7      | Noticed Pikel
  6017 | D:7      | Killed Pikel
  6017 | D:7      | Reached skill level 3 in Short Blades
  6017 | D:7      | Reached XP level 10. HP: 48/74 MP: 10/10
  6039 | D:7      | Found an iron altar of Okawaru.
  6042 | D:7      | Became a worshipper of Warmaster Okawaru
  6071 | D:7      | Found a sand-covered staircase.
  6092 | Ossuary  | Entered an ossuary
  6112 | Ossuary  | Reached skill level 4 in Short Blades
  6341 | Ossuary  | Reached skill level 5 in Short Blades
  6494 | D:7      | Found an ancient bone altar of Kikubaaqudgha.
  6522 | D:7      | Found a bloodstained altar of Trog.
  6629 | D:7      | Found a snail-covered altar of Cheibriados.
  7054 | D:8      | Noticed a two-headed ogre
  7065 | D:8      | Killed a two-headed ogre
  7065 | D:8      | Reached skill level 6 in Short Blades
  7199 | D:8      | Reached * piety under Okawaru
  7211 | D:8      | Noticed Joseph
  7230 | D:8      | Killed Joseph
  7591 | D:8      | Reached skill level 7 in Short Blades
  7623 | D:8      | Reached ** piety under Okawaru
  7733 | D:8      | Found a viscous altar of Jiyva.
  8117 | D:9      | Reached XP level 11. HP: 58/81 MP: 11/11
  8222 | D:9      | Noticed a two-headed ogre
  8233 | D:9      | Killed a two-headed ogre
  8233 | D:9      | Reached skill level 8 in Short Blades
  8694 | D:9      | Found a burning altar of Makhleb.
  8743 | D:9      | Killed from afar by an orc priest

Vault maps used:
D:1:      erik_arrival_gehennom
D:2:      overflow_temple_1_default, uniq_jessica
D:3:      lemuel_coloured_pillars_altar, nicolae_overflow_crystal_walls,
          kennysheep_generic_room_9, uniq_robin
D:4:      cheibrodos_quashed, uniq_blork_the_orc
D:5:      first_ration, nicolae_dithmenos_through_a_glass_darkly, uniq_duvessa
D:6:      minmay_temple_entry_fiery, st_stairs_5
D:7:      kennysheep_mini, lemuel_crystal_altar, nicolae_overflow_hidden_temple,
          overflow_temple_1_default, kennysheep_mini_moat, enter_ossuary_4,
          cheibrodos_ashenzari_chains, uniq_pikel
D:8:      hangedman_little_slice_of_home, uniq_joseph
D:9:      lightli_temple_of_fire, grunt_ministairs_3
Temple:   dshaligram_water_room_temple
Ossuary:  ossuary_minmay_scorpions

Skill      XL: |  1  2  3  4  5  6  7  8  9 10 11 |
---------------+----------------------------------+-----
Axes           | 3 4 5 6 |  6.7
Shields        | 4 5 6 |  6.0
Fighting       | 4 5 6 |  6.7
Dodging        | 1 2 3 |  3.9
Armour         | 4 5 6 |  6.5
Short Blades   | 1 3 7 8 |  8.2
Stealth        | 1 2 3 4 |  4.4
Staves         | 2 |  2.1
Maces & Flails | 4 |  4.3

Action                   |  1- 3 |  4- 6 |  7- 9 | 10-12 || total
-------------------------+-------+-------+-------+-------++-------
Melee: War axe           |    85 |    79 |       |       ||   164
       Hand axe          |       |    70 |   112 |       ||   182
       Rapier            |       |       |   111 |   303 ||   414
       Quarterstaff      |       |       |    26 |       ||    26
       Dire flail        |       |       |   102 |       ||   102
  Use: Scroll            |       |     3 |     7 |       ||    10
       Potion            |       |       |     1 |       ||     1
 Stab: Sleeping          |       |       |     4 |    12 ||    16
       Distracted        |       |       |     1 |     1 ||     2
  Eat: Chunk             |       |     4 |    13 |     9 ||    26
Armor: Scale mail        |    48 |    48 |   119 |    33 ||   248
       Skin              |       |       |     3 |       ||     3
       Ring mail         |       |       |       |    55 ||    55
Dodge: Dodged            |    27 |    44 |   135 |   143 ||   349
Block: Shield            |    59 |    86 |   109 |       ||   254
       Other             |       |       |       |    25 ||    25

Table legend:
 A = Spawn XP
 B = Non-spawn XP
 C = Spawn XP percentage of total XP
 D = Spawn monster count
 E = Non-spawn monster count
 F = Spawn count percentage of total count
 G = Total turns spent on level
                    A         B        C        D         E        F      G
               +---------+---------+-------+---------+---------+-------+---------
         Total |       0 |    9380 |   0.0 |       0 |     252 |   0.0 |  8743
               +---------+---------+-------+---------+---------+-------+---------
           D:1 |       0 |      69 |   0.0 |       0 |      30 |   0.0 |   793
           D:2 |       0 |      99 |   0.0 |       0 |      25 |   0.0 |   667
           D:3 |       0 |      56 |   0.0 |       0 |      19 |   0.0 |   502
           D:4 |       0 |    1045 |   0.0 |       0 |      24 |   0.0 |  1531
           D:5 |       0 |     644 |   0.0 |       0 |      24 |   0.0 |  1000
           D:6 |       0 |    1282 |   0.0 |       0 |      35 |   0.0 |  1181
           D:7 |       0 |     851 |   0.0 |       0 |      17 |   0.0 |   804
           D:8 |       0 |    2509 |   0.0 |       0 |      27 |   0.0 |   971
           D:9 |       0 |    2062 |   0.0 |       0 |      25 |   0.0 |   757
       Ossuary |       0 |     763 |   0.0 |       0 |      26 |   0.0 |   321
               +---------+---------+-------+---------+---------+-------+---------
